 Dungeon Crawl Stone Soup version 0.17-a0-2014-g32cd421 (webtiles) character file.

464 tp1 the Cudgeler (level 7, -3/43 HPs)
             Began as a Gargoyle Berserker on Oct 9, 2015.
             Was a Priest of Trog.
             Killed from afar by an iguana (29 damage)
             ... with an exploding inner flame
             ... hexed by the player character
             ... on level 4 of the Dungeon.
             The game lasted 00:14:43 (2543 turns).

tp1 the Cudgeler (Gargoyle Berserker)               Turns: 2543, Time: 00:14:43

Health: -3/43      AC: 19    Str: 20    XL:     7   Next: 8%
Magic:  7/7        EV:  8    Int:  8    God:    Trog [***...]
Gold:   161        SH:  0    Dex: 11    Spells: 0 memorised, 6 levels left

rFire  . . .     SeeInvis .     h - +0 war axe
rCold  + . .     Clarity  .     l - +3 chain mail
rNeg   + . .     SustAt   .     (no shield)
rPois  ∞         Gourm    .     (no helmet)
rElec  +         Spirit   .     t - +0 cloak
rCorr  .         Warding  .     o - +1 pair of gloves
rMut   .         Stasis   .     (no boots)
MR     .....                    (no amulet)
Stlth  ..........               (no ring)
                                w - ring of protection from cold

@: starving, not resistant to hostile enchantments, extremely unstealthy
A: negative energy resistance 1, electricity resistance, unbreathing,
petrification resistance, rot immunity, AC +4
a: Burn Spellbooks, Berserk, Trog's Hand, Renounce Religion


You were on level 4 of the Dungeon.
You worshipped Trog.
Trog was most pleased with you.
You were starving.

You visited 1 branch of the dungeon, and saw 4 of its levels.

You collected 161 gold pieces.

Inventory:

Hand Weapons
 a - a +0 hand axe
 h - a +0 war axe (weapon)
 v - a +0 mace
Armour
 l - a +3 chain mail (worn)
 o - a +1 pair of gloves (worn)
 t - a +0 cloak (worn)
 y - a +0 plate armour
Jewellery
 s - an uncursed ring of protection from cold
 w - a ring of protection from cold (left hand)
Wands
 z - a wand of frost (6)
Scrolls
 f - 4 scrolls of remove curse
 g - a scroll of noise
 m - 2 scrolls of identify
 p - a scroll of fog {unknown}
 r - a scroll of teleportation {unknown}
 x - a scroll of enchant armour {unknown}
Potions
 d - a potion of brilliance {unknown}
 e - 2 potions of flight {unknown}
 k - a potion of mutation {unknown}
 q - a potion of ambrosia {unknown}
 u - a potion of degeneration {unknown}
Comestibles
 c - 2 bread rations
 i - 2 royal jellies
 j - 2 beef jerkies


   Skills:
 - Level 4.0 Fighting
 - Level 4.0(5.2) Axes
 + Level 5.5(6.2) Maces & Flails
 - Level 2.3 Armour
 - Level 2.0 Dodging


You had 6 spell levels left.
You didn't know any spells.

Dungeon Overview and Level Annotations

Branches:
Dungeon (4/15)
 Temple: D:4-7

Altars:
Dithmenos
Gozag


Innate Abilities, Weirdness & Mutations

You are resistant to torment.
Your stone body is resilient (AC +4).
You are immune to poison.
You resist negative energy.
You are resistant to electric shocks.
You can survive without breathing.
You are immune to petrification.
You are immune to rotting.


Message History

The iguana is severely wounded.
The iguana barely misses you.
You closely miss the iguana.
The iguana is severely wounded.
The iguana bites you.
You hit the iguana.
The iguana is severely wounded.
The iguana bites you!
You closely miss the iguana.
The iguana is severely wounded.
The iguana bites you but does no damage.
The iguana barely misses you.
You hit the iguana but do no damage.
The iguana is severely wounded.
The iguana barely misses you.
You hit the iguana.
The iguana explodes!
The fiery explosion engulfs you!
Ouch! That really hurt!
You die...

###. ### #.). ..#
#.#.# #.# #....
#.##### #....
#§§... #....###§§#
###......§@§####
...[>..<..........
###....<....###.#.
#..#)###..# #. #!
#..... # #. #.####
#. #.# ## #!#


There were no monsters in sight!

Vanquished Creatures
  Grinder (D:3)
  2 orc wizards (D:3)
  Terence (D:3)
  Natasha (thrice) (D:3)
  7 adders
  2 oozes
  3 worms
  3 giant geckos
  3 orcs (D:3)
  3 ball pythons
  5 bats
  4 giant cockroaches
  8 hobgoblins
  4 jackals (D:3)
  5 kobolds
  3 giant newts
  8 goblins
  A quokka skeleton (D:3)
  8 rats
74 creatures vanquished.

Vanquished Creatures (others)
  5 toadstools (D:1)
5 creatures vanquished.

Grand Total: 79 creatures vanquished

Notes
Turn   | Place    | Note
--------------------------------------------------------------
     0 | D:1      | tp1 the Gargoyle Berserker began the quest for the Orb.
     0 | D:1      | Reached XP level 1. HP: 14/14 MP: 1/1
   175 | D:1      | Reached XP level 2. HP: 12/19 MP: 2/2
   840 | D:2      | Reached XP level 3. HP: 21/24 MP: 3/3
   923 | D:2      | Reached skill level 4 in Fighting
  1091 | D:2      | Found a shadowy altar of Dithmenos.
  1098 | D:2      | Found an opulent altar of Gozag.
  1163 | D:2      | Acquired Trog's second power
  1207 | D:2      | Reached XP level 4. HP: 25/29 MP: 4/4
  1849 | D:3      | Reached skill level 1 in Maces & Flails
  1873 | D:3      | Reached XP level 5. HP: 27/33 MP: 5/5
  2014 | D:3      | Noticed Natasha
  2025 | D:3      | Killed Natasha
  2116 | D:3      | Reached XP level 6. HP: 36/38 MP: 6/6
  2205 | D:3      | Noticed Terence
  2223 | D:3      | Killed Terence
  2233 | D:3      | Noticed Natasha
  2244 | D:3      | Killed Natasha
  2304 | D:3      | Noticed Grinder
  2330 | D:3      | Killed Grinder
  2330 | D:3      | Reached skill level 5 in Maces & Flails
  2330 | D:3      | Reached XP level 7. HP: 32/43 MP: 7/7
  2494 | D:3      | Noticed Natasha
  2500 | D:3      | Killed Natasha
  2543 | D:4      | Killed from afar by an iguana

Vault maps used:
D:1:      ldierk_walled_garden, minmay_door_square, st_stairs_12
D:2:      lemuel_crystal_altar, grunt_dithmenos_smoke
D:3:      uniq_natasha, uniq_grinder, uniq_terence
D:4:      nicolae_qazlal_style_of_elements, nicolae_overflow_crystal_walls,
          first_bread, portal_sewer_entry_a

Action                   |  1- 3 |  4- 6 |  7- 9 || total
-------------------------+-------+-------+-------++-------
Melee: Hand axe          |   151 |       |       ||   151
       Mace              |       |    81 |       ||    81
       War axe           |       |   121 |    21 ||   142
Invok: Berserk           |       |     2 |       ||     2
       Trog's Hand       |       |     1 |       ||     1
  Use: Scroll            |       |     4 |     1 ||     5
  Eat: Chunk             |     1 |     5 |       ||     6
